 Dungeon Crawl Stone Soup version 0.29-a0-337-g68df138881 (webtiles) character file.

Game seed: 9922253610985921157

56 Hubjo the Firebug (level 3, -1/20 HPs)
             Began as a Deep Elf Fire Elementalist on Apr 16, 2022.
             Was a Believer of Sif Muna.
             Killed by divine providence
             ... invoked by an orc priest
              (11 damage)
             ... on level 2 of the Dungeon.
             The game lasted 00:08:44 (2433 turns).

Hubjo the Firebug (Deep Elf Fire Elementalist)      Turns: 2433, Time: 00:08:45

Health: -1/20      AC:  2    Str:  5    XL:     3   Next: 71%
Magic:  6/10       EV: 32    Int: 21    God:    Sif Muna [**....]
Gold:   115        SH:  0    Dex: 17    Spells: 8/9 levels left

rFire   . . .      SeeInvis .   e - +0 short sword
rCold   . . .      Faith    .   (no shield)
rNeg    . . .      Spirit   .   a - +0 robe
rPois   .          Reflect  .   (no helmet)
rElec   .          Harm     .   (no cloak)
rCorr   .          Rampage  .   (no gloves)
Will    .....                   (no boots)
Stlth   ++........              h - amulet of the acrobat
HPRegen 0.06/turn               f - +4 ring of evasion
MPRegen 0.12/turn               (no ring)

@: acrobatic, very slightly contaminated
A: clever 1, wild magic 1, noise suppression
a: Renounce Religion, Channel Magic


You were on level 2 of the Dungeon.
You worshipped Sif Muna.
Sif Muna was pleased with you.
You visited 1 branch of the dungeon, and saw 3 of its levels.

You collected 115 gold pieces.

Inventory:

Hand Weapons
 e - a +0 short sword (weapon)
Armour
 a - a +0 robe (worn)
Jewellery
 f - a +4 ring of evasion (left hand)
 h - an amulet of the acrobat (around neck)
Scrolls
 c - a scroll of fear {unknown}
 d - a scroll of blinking {unknown}
 g - a scroll of teleportation {unknown}
 l - a scroll of identify {unknown}
Potions
 b - a potion of magic
 i - a potion of curing {unknown}
 j - a potion of invisibility


   Skills:
 * Level 1.0 Fighting
 - Level 2.6 Dodging
 * Level 3.2 Stealth
 + Level 3.5 Spellcasting
 + Level 1.7 Conjurations
 * Level 3.8 Fire Magic


You had 8 spell levels left.
You knew the following spells:

 Your Spells              Type           Power      Damage    Failure   Level
a - Foxfire               Conj/Fire      80%        2x1d8     7%          1

Your spell library contained the following spells:

 Spells                   Type           Power      Damage    Failure   Level
 Scorch                   Fire           50%        2d8       6%          2
 Magic Dart               Conj           56%        1d5       10%         1
 Searing Ray              Conj           28%        2d5       14%         2
 Conjure Flame            Conj/Fire      20%        6-21      17%         3
 Sandblast                Erth           8%         2d5       19%         1
 Static Discharge         Conj/Air       9%         N/A       21%         2
 Inner Flame              Hex/Fire       15%        N/A       24%         3
 Passwall                 Tmut/Erth      3%         N/A       26%         2
 Stone Arrow              Conj/Erth      18%        3d8       34%         3
 Flame Wave               Conj/Fire      20%        2d7       45%         4
 Sticky Flame             Conj/Fire      20%        2d4       45%         4
 Fulminant Prism          Conj/Hex       4%         3d6       73%         4
 Dispel Undead            Necr           4%         3d7       83%         4


Dungeon Overview and Level Annotations

Branches:
Dungeon (3/15)

Altars:
Sif Muna
Uskayaw


Innate Abilities, Weirdness & Mutations

Your mind is acute. (Int +2)
Your spells are a little harder to cast, but a little more powerful.
You passively dampen the noise of your surroundings.


Message History

You kill the orc!
Sif Muna accepts your kill. The orc priest completely misses you.
There is a stone staircase leading up here.
The orc priest hits you with a +0 flail.
The orc closely misses you.
You climb upwards.
There is a stone staircase leading down here.
The orc priest completely misses you. The orc completely misses you.
The orc attacks as you move away! The orc completely misses you.
The orc priest attacks as you move away!
The orc priest completely misses you.
The orc priest attacks as you move away!
The orc priest misses you.
The orc priest looks satisfied for a moment.
The orc priest miscasts a cantrip.
The orc barely misses you.
The orc priest miscasts a cantrip.
Casting: Foxfire (safe; 7% risk of failure)
Confirm with . or Enter, or press ? or * to list all spells.
You miscast Foxfire.
You are very lightly contaminated with residual magic.
Nothing appears to happen.
The orc closely misses you.
Casting: Foxfire (safe; 7% risk of failure)
Confirm with . or Enter, or press ? or * to list all spells.
You conjure some foxfire!
The orc hits you with a +0 club.
Casting: Foxfire (safe; 7% risk of failure)
Confirm with . or Enter, or press ? or * to list all spells.
You conjure some foxfire!
The orc priest casts a cantrip, but nothing happens.
The orc hits you with a +0 club.
Your foxfire dissipates!
The foxfire hits the orc priest.
The orc priest is heavily wounded.
The foxfire hits the orc priest.
The orc priest is almost dead.
The orc priest calls down the wrath of Beogh upon you.
Beogh smites you!
Ouch! That really hurt!
You die...

###
###################.############
#...............................
##.##.##############.############
......................# #
...##.##############..# ###
##.##.####### #..# #.#
##.##.......########..# #.#
...............o@..#..#########.#
##.#........##o.ยง............##.#
......#...####.##................
##.#..#.#.####.##.....######.##.#
.............#'##.....######....#
.#.#..#.#........(...........##.#
.........>.....[....#.######.##.#
...#.)..#...........#.######.##.#
.###....#...........#.##.....##.#


You could see an orc priest and an orc.

Vanquished Creatures
  An adder (D:2)
  A dart slug (D:1)
  A worm (D:2)
  2 orcs
  4 bats
  3 endoplasms (D:1)
  A giant cockroach (D:1)
  5 goblins
  5 hobgoblins
  5 kobolds
  2 quokkas (D:1)
  3 ball pythons
  4 frilled lizards
  2 rats (D:1)
39 creatures vanquished.

Vanquished Creatures (others)
  31 foxfires
31 creatures vanquished.

Grand Total: 70 creatures vanquished

Notes
Turn   | Place    | Note
-------+----------+-------------------------------------------
     0 | D:1      | Hubjo the Deep Elf Fire Elementalist began the quest for
                  | the Orb.
     0 | D:1      | Reached XP level 1. HP: 10/10 MP: 6/6
    39 | D:1      | Found a faded altar of an unknown god.
    49 | D:1      | Prayed at the altar of an unknown god.
    49 | D:1      | Became a worshipper of Sif Muna the Loreminder
    49 | D:1      | Reached * piety under Sif Muna
   287 | D:1      | Reached XP level 2. HP: 15/15 MP: 8/8
   600 | D:1      | Reached ** piety under Sif Muna
   653 | D:1      | Reached XP level 3. HP: 16/20 MP: 9/9
  1122 | D:2      | Found a hide-covered altar of Uskayaw.
  1373 | D:2      | Reached skill level 1 in Fighting
  1983 | D:2      | Gained mutation: Your spells are a little harder to cast,
                  | but a little more powerful. [potion of mutation]
  1984 | D:2      | Lost mutation: Your spells are a little harder to cast, but
                  | a little more powerful. [potion of mutation]
  1984 | D:2      | Gained mutation: You passively dampen the noise of your
                  | surroundings. [potion of mutation]
  1984 | D:2      | Gained mutation: Your spells are a little harder to cast,
                  | but a little more powerful. [potion of mutation]
  1984 | D:2      | Gained mutation: Your mind is acute. (Int +2) [potion of
                  | mutation]
  2433 | D:2      | Killed from afar by an orc priest

Illustrated notes

Levels and vault maps discovered:
D:1:      wander_arrival_abandoned_jail, layout_loops_ring,
          hellmonk_ecumenical_altar_pennies_from_heaven
D:2:      layout_basic, basic_altar, bh_walls_and_bars
D:3:      layout_loops_corners

Skill      XL: |  1  2  3 |
---------------+----------+-----
Stealth        | 3 |  3.2
Fighting       | 1 |  1.0
Dodging        | |  2.6
Spellcasting   | |  3.5
Conjurations   | |  1.7
Fire Magic     | |  3.8

Action                   || total
-------------------------++-------
Melee: Short sword       ||    85
       Punch             ||     1
 Cast: Foxfire           ||    24
  Use: Potion            ||     3
 Stab: Sleeping          ||     7
Armor: Robe              ||    15
Dodge: Dodged            ||   103

Table legend: (Time is in decaauts)
 A = Elapsed time spent in this place.
 B = Non-inter-level travel time spent in this place.
 C = Inter-level travel time spent in this place.
 D = Time resting spent in this place.
 E = Time spent auto-exploring this place.
 F = Levels seen in this place.
 G = Mean time per level.
                   A        B        C        D        E       F      G
               +--------+--------+--------+--------+--------+-----+--------+
         Total |   2447 |   2358 |     89 |    114 |   1840 |   3 |  815.7 |
       Dungeon |   2447 |   2358 |     89 |    114 |   1840 |   3 |  815.7 |
               +--------+--------+--------+--------+--------+-----+--------+

Top non-repeatable levels by time:
     D:2: 1467 daAuts
     D:1: 882 daAuts
     D:3: 96 daAuts
